Map: 幽暗之塔

Players

Sen - Winner!

  • Race: Zerg Zerg
  • League: Master

Rex

  • Race: Zerg Zerg
  • League: Grandmaster

Event: 2016 WCS Winter Challenger Taiwan

VOD

Have the link to the VOD?

Description

Time

  • Played on: Jan. 7, 2016, 5:51 a.m.
  • Length: 14:08

All games in this series

Show
View Real Time Build Order
Export as new Build Order

Sen Zerg - Winner!

Build Orders: Hatch First 

Get SALT Encoding   

  12  0:00  Drone  
  13  0:08  Drone  
  14  0:16  Overlord  
  14  0:23  Extractor  
  14  0:24  Drone  
  15  0:35  Drone x2  
  17  0:44  Drone  
  18  0:55  Hatchery  
  18  0:57  Drone  
  18  0:59  Extractor  
  17  1:06  Drone  
  18  1:15  Spawning Pool  
  18  1:18  Drone  
  18  1:27  Drone  
  19  1:39  Overlord  
  19  1:57  Drone  
  20  2:02  Metabolic Boost, Zergling x2, Queen  
  23  2:08  Queen  
  23  2:09  Drone  
  23  2:12  Drone  
  27  2:21  Drone x2  
  29  2:31  Overlord  
  29  2:35  Drone  
  30  2:37  Queen  
  32  2:45  Drone x2  
  34  2:51  Baneling Nest  
  34  2:54  Zergling x2  
  34  3:00  Drone  
  36  3:05  Zergling x2  
  36  3:10  Drone x3  
  36  3:11  Drone  
  40  3:17  Overlord  
  40  3:19  Drone x2  
  41  3:24  Hatchery  
  40  3:30  Drone  
  41  3:34  Drone x2  
  41  3:37  Evolution Chamber  
  41  3:38  Extractor  
  41  3:40  Lair  
  41  3:46  Drone x2  
  41  3:47  Drone  
  44  3:49  Drone  
  44  3:50  Drone  
  44  3:54  Drone  
  44  3:55  Drone x2  
  49  3:56  Extractor  
  48  4:04  Drone, Roach Warren  
  48  4:08  Drone x2  
  50  4:14  Overlord  
  51  4:17  Drone x2, Zerg Missile Weapons Level 1  
  51  4:24  Overlord x2  
  52  4:37  Overlord  
  52  4:42  Drone x2  
  53  4:46  Glial Reconstitution  
  53  4:47  Roach x4  
  53  4:49  Roach x2  
  65  4:55  Roach x2  
  65  4:58  Roach x2  
  72  5:03  Roach x2  
  72  5:05  Overseer  
  76  5:07  Roach  
  76  5:08  Overlord  
  76  5:11  Roach  
  80  5:14  Roach  
  80  5:20  Roach  
  80  5:21  Roach x2  
  88  5:25  Overlord  
  88  5:26  Roach  
  90  5:39  Roach  
  90  5:40  Roach x3  
  98  5:46  Overlord  
  98  5:47  Roach x4  
  98  5:49  Overlord  
  106  6:05  Zergling x2  
  106  6:06  Zergling x14  
  106  6:08  Overlord  
  114  6:13  Zerg Missile Weapons Level 2  
  114  6:16  Zergling x2, Ravager  
  114  6:17  Zergling x10  
  122  6:20  Ravager  
  122  6:30  Ravager  
  119  6:35  Roach  
  119  6:36  Roach  
  119  6:37  Drone  
  119  6:39  Drone  
  113  6:41  Drone  
  113  6:43  Drone x8  
  113  6:44  Drone x2  
  106  6:48  Drone  
  106  6:50  Drone  
  106  6:53  Drone  
  104  6:56  Extractor  
  104  6:57  Extractor  
  104  6:59  Drone x2  
  95  7:04  Drone  
  95  7:07  Evolution Chamber  
  84  7:17  Ravager x3  
  84  7:18  Overlord x2, Ravager  
  84  7:19  Drone  
  89  7:24  Overlord x2, Extractor  
  89  7:26  Drone x2  
  90  7:32  Roach x7  
  90  7:33  Overlord  
  90  7:35  Hatchery  
  103  7:37  Overseer  
  103  7:43  Roach x3  
  109  7:53  Roach  
  109  7:54  Roach x7  
  125  8:03  Roach x5  
  135  8:08  Queen  
  137  8:16  Zerg Ground Armor Level 1  
  137  8:20  Drone x6  
  143  8:30  Overlord x2  
  143  8:31  Overlord  
  143  8:36  Drone  
  143  8:37  Overlord x2, Drone x4  
  148  8:43  Hydralisk Den  
  148  8:45  Ravager x2  
  149  8:48  Drone  
  149  8:51  Roach x5  
  149  8:53  Ravager x2  
  162  8:57  Roach x5  
  172  9:03  Roach x4  
  180  9:13  Ravager x2  
  182  9:18  Roach x2  
  182  9:24  Hatchery, Roach x6  
  197  9:32  Ravager  
  198  9:42  Extractor, Ravager x2  
  198  9:43  Ravager  
  200  9:51  Overlord  
  190  10:14  Roach  
  190  10:15  Roach x8  
  190  10:21  Roach x5  
  182  10:23  Roach  
  182  10:24  Roach x12  
  172  10:28  Roach  
  172  10:29  Roach x5  
  177  10:35  Roach  
  177  10:36  Roach x2  
  179  10:45  Roach x5  
  179  10:46  Spine Crawler  
  188  10:50  Drone x2  
  188  10:55  Queen  
  192  10:57  Ravager  
  192  10:58  Ravager  
  192  10:59  Ravager  
  192  11:01  Roach x2  
  199  11:07  Spine Crawler  
  198  11:14  Zerg Ground Armor Level 2  
  198  11:20  Ravager  
  198  11:21  Ravager  
  195  11:45  Roach x6  
  195  11:46  Roach x11  
  195  11:47  Roach x4  
  167  11:54  Roach x2  
  167  11:55  Roach x5  
  161  12:04  Roach x7  
  161  12:07  Roach x3  
  164  12:12  Drone x3  
  167  12:18  Ravager x2  
  167  12:20  Ravager  
  170  12:25  Roach x4  
  178  12:34  Roach x2  
  178  12:35  Roach x5  
  186  12:45  Roach x8  
  186  12:49  Roach x4  
  188  12:55  Roach x4  
  196  13:02  Extractor, Ravager  
  196  13:04  Ravager  
  197  13:11  Ravager  
  198  13:15  Overseer  
  198  13:30  Ravager x2  
  198  13:47  Roach  
  198  13:48  Roach x9  
Show
View Real Time Build Order
Export as new Build Order

Rex Zerg 

Build Orders: Hatch First 

Get SALT Encoding   

  12  0:01  Drone  
  13  0:08  Drone  
  14  0:17  Overlord  
  14  0:22  Extractor  
  14  0:23  Drone  
  15  0:35  Drone x2  
  17  0:52  Hatchery  
  17  0:55  Drone  
  17  0:58  Drone  
  17  1:01  Extractor  
  17  1:15  Spawning Pool  
  17  1:17  Drone  
  17  1:20  Drone  
  18  1:27  Drone  
  19  1:37  Overlord  
  19  1:59  Drone  
  20  2:02  Queen  
  20  2:03  Zergling x2  
  20  2:04  Metabolic Boost  
  20  2:05  Queen  
  25  2:08  Drone  
  25  2:14  Drone  
  27  2:16  Drone  
  28  2:25  Baneling Nest  
  27  2:32  Drone  
  27  2:34  Zergling x2  
  27  2:35  Drone  
  30  2:40  Drone  
  30  2:42  Drone  
  32  2:48  Overlord  
  32  2:54  Drone  
  32  3:04  Drone  
  32  3:05  Drone  
  34  3:14  Drone x4  
  34  3:15  Drone  
  34  3:16  Drone x2  
  41  3:25  Zergling x2  
  42  3:27  Overlord, Hatchery  
  41  3:35  Extractor  
  41  3:36  Zergling x2  
  41  3:37  Roach Warren  
  41  3:40  Drone  
  41  3:45  Baneling x2  
  41  3:47  Drone x4  
  45  3:57  Drone  
  45  4:00  Drone, Lair  
  46  4:03  Evolution Chamber  
  46  4:04  Drone  
  46  4:05  Drone  
  46  4:07  Overlord  
  46  4:08  Drone  
  48  4:11  Extractor  
  48  4:12  Overlord  
  48  4:14  Drone  
  48  4:22  Overlord  
  48  4:25  Drone  
  48  4:26  Queen  
  48  4:27  Drone x2  
  48  4:28  Drone  
  54  4:33  Zergling x2  
  54  4:34  Zerg Missile Weapons Level 1  
  55  4:40  Zergling x4  
  55  4:42  Drone  
  58  4:46  Overlord, Drone  
  58  4:52  Drone  
  58  4:54  Drone  
  58  4:58  Drone  
  58  4:59  Drone x5  
  65  5:01  Drone  
  66  5:07  Glial Reconstitution  
  66  5:12  Drone  
  66  5:13  Overlord, Drone  
  66  5:14  Drone x3  
  71  5:18  Extractor  
  71  5:20  Roach x2  
  71  5:21  Roach  
  76  5:24  Roach  
  76  5:25  Roach  
  80  5:29  Roach  
  80  5:34  Roach x2  
  80  5:35  Roach  
  87  5:37  Roach  
  87  5:38  Overlord, Roach  
  90  5:44  Roach  
  90  5:46  Roach x2  
  90  5:48  Overlord  
  90  5:49  Overlord  
  95  5:50  Roach  
  96  5:59  Overlord, Roach x3  
  96  6:00  Roach  
  96  6:03  Ravager  
  105  6:06  Overlord  
  105  6:07  Roach  
  105  6:09  Roach  
  109  6:12  Ravager  
  109  6:13  Overseer  
  109  6:14  Roach x3  
  109  6:18  Roach x4  
  126  6:25  Roach  
  126  6:26  Ravager, Roach x2  
  117  6:40  Roach  
  117  6:41  Roach x4  
  113  6:48  Roach x5  
  109  6:57  Roach x4  
  109  7:00  Roach  
  109  7:01  Roach  
  110  7:03  Roach  
  110  7:06  Roach  
  110  7:09  Roach  
  110  7:12  Roach x2  
  116  7:17  Extractor  
  116  7:18  Roach  
  116  7:20  Extractor  
  116  7:21  Queen  
  118  7:23  Roach  
  118  7:24  Roach  
  122  7:30  Roach  
  122  7:32  Hatchery  
  122  7:33  Hatchery  
  122  7:36  Zerg Missile Weapons Level 2  
  122  7:40  Roach x2  
  128  7:44  Roach x2  
  128  7:45  Overlord x3  
  128  7:47  Overlord  
  128  7:48  Overlord  
  130  7:52  Roach x2  
  130  7:57  Roach  
  136  8:05  Ravager x3  
  139  8:09  Overlord, Overseer  
  139  8:13  Roach x3  
  139  8:18  Roach x2  
  139  8:19  Roach x2  
  153  8:20  Overlord  
  153  8:22  Overlord  
  153  8:23  Overseer  
  153  8:28  Roach  
  153  8:29  Roach x2  
  153  8:30  Roach  
  161  8:34  Overseer  
  161  8:42  Roach x3  
  161  8:43  Roach x2  
  161  8:48  Roach x3  
  177  8:52  Pneumatized Carapace  
  177  8:56  Roach x2  
  177  9:00  Roach x2  
  185  9:03  Drone x2  
  185  9:06  Roach  
  185  9:08  Ravager  
  185  9:09  Ravager  
  191  9:12  Ravager  
  191  9:13  Roach  
  194  9:19  Roach x3  
  198  10:02  Roach  
  192  10:21  Roach x13  
  169  10:22  Roach x6  
  169  10:26  Roach  
  169  10:27  Roach x11  
  183  10:30  Roach  
  179  10:38  Roach x4  
  179  10:40  Roach  
  179  10:42  Ravager x2  
  191  10:43  Ravager  
  191  10:44  Ravager x3  
  187  10:51  Roach x5  
  197  10:57  Roach  
  197  11:02  Ravager  
  200  11:32  Roach  
  200  11:37  Roach  
  200  11:38  Roach  
  200  11:45  Roach x3  
  200  11:46  Roach x12  
  153  11:56  Zerg Ground Armor Level 1, Roach  
  153  11:57  Roach x9  
  157  12:02  Roach  
  157  12:03  Roach  
  157  12:05  Roach  
  157  12:06  Roach  
  145  12:10  Roach x2  
  145  12:14  Ravager x3  
  150  12:17  Roach  
  150  12:23  Roach  
  150  12:24  Roach x3  
  156  12:33  Roach x2  
  156  12:34  Roach x3  
  156  12:35  Drone  
  156  12:36  Drone  
  160  12:48  Roach x5  
  144  12:53  Roach x2  
  148  13:02  Roach x4  
  148  13:04  Ravager x3  
  159  13:15  Roach x2  
  159  13:16  Roach x4  
  171  13:20  Roach x3  
  171  13:24  Ravager  
  178  13:31  Roach  
  178  13:32  Roach x4  
  144  13:49  Roach x2  
Tags
 
Add a new tag
Caveats
  • Supply blocks, unpowered buildings, or Contaminate may cause inaccurate times.
  • Supply counts are checked every 10 seconds.